 Dungeon Crawl Stone Soup version 0.29.1-12-g30fa7ad0bf (webtiles) character file.

Game seed: 7105012036866434985

74 growler the Trooper (level 4, -2/38 HPs)
             Began as a Formicid Fighter on Dec 23, 2022.
             Slain by a gnoll
             ... wielding a +0 spear
              (5 damage)
             ... on level 3 of the Dungeon.
             The game lasted 00:04:39 (2083 turns).

growler the Trooper (Formicid Fighter)              Turns: 2083, Time: 00:04:39

Health: -2/38      AC:  8    Str: 20    XL:     4   Next: 54%
Magic:  4/4        EV:  9    Int: 10    God:
Gold:   98         SH:  5    Dex: 13    Spells: 3/3 levels left

rFire   . . .      SeeInvis +   a - +0 long sword
rCold   . . .      Faith    .   c - +0 buckler
rNeg    . . .      Spirit   .   b - +0 scale mail
rPois   .          Reflect  .   (helmet unavailable)
rElec   .          Harm     .   (no cloak)
rCorr   .          Rampage  .   o - +0 pair of gloves
Will    .....                   (no boots)
Stlth   ..........              (no amulet)
HPRegen 0.12/turn               (no ring)
MPRegen 0.09/turn               (no ring)

@: mighty
A: permanent stasis, dig shafts and tunnels, antennae 3, four strong arms
a: Dig, Shaft Self


You were on level 3 of the Dungeon.
You visited 1 branch of the dungeon, and saw 3 of its levels.

You collected 98 gold pieces.

Inventory:

Hand Weapons
 a - a +0 long sword (weapon)
 e - a +0 sling
Missiles
 i - 6 curare-tipped darts
 j - 27 stones
Armour
 b - a +0 scale mail (worn)
 c - a +0 buckler (worn)
 o - a +0 pair of gloves (worn)
Magical Staves
 q - a staff of air
Wands
 v - a wand of acid (13)
Scrolls
 f - a scroll of summoning {unknown}
 g - a scroll of brand weapon {unknown}
 h - 6 scrolls of identify {unknown}
 k - 2 scrolls of noise {unknown}
 p - a scroll of silence {unknown}
 t - a scroll of torment {unknown}
 u - a scroll of enchant armour {unknown}
 w - a scroll of teleportation {unknown}
Potions
 d - a potion of might
 l - a potion of brilliance {unknown}
 m - a potion of lignification {unknown}
 n - a potion of mutation {unknown}
 r - a potion of resistance {unknown}
 s - 2 potions of curing {unknown}
 x - a potion of heal wounds {unknown}


   Skills:
 + Level 4.5 Fighting
 + Level 3.4 Long Blades
 - Level 3.2 Armour
 - Level 4.0 Shields


You had 3 spell levels left.
You didn't know any spells.
Your spell library was empty.

Dungeon Overview and Level Annotations

Branches:
Dungeon (3/15)

Altars:

Shops:
D:2 :[


Innate Abilities, Weirdness & Mutations

You cannot be hasted, slowed, berserked, paralysed or teleported.
You can dig through walls and to a lower floor.
You have a pair of large antennae on your head. (SInv)
Your four strong arms can wield two-handed weapons with a shield.


Message History

The gnoll closely misses you. The gnoll barely misses you.
You hit the gnoll.
The gnoll is almost dead.
The gnoll barely misses you. The gnoll misses you.
You slash the gnoll!
You kill the gnoll!
The gnoll barely misses you. You block the gnoll's attack. x2
Items here: )) ††.
You closely miss the gnoll. The gnoll closely misses you.
The gnoll hits you from afar with a +0 spear.
The gnoll hits you but does no damage. The gnoll hits you with a +0 spear.
You closely miss the gnoll. The gnoll closely misses you.
The gnoll hits you with a +0 spear.
You closely miss the gnoll.
The gnoll hits you from afar with a +0 spear.
The gnoll hits you with a +0 spear.
You hit the gnoll but do no damage.
The gnoll hits you from afar with a +0 spear.
The gnoll closely misses you.
You closely miss the gnoll. You block the gnoll's attack.
The gnoll hits you but does no damage.
You closely miss the gnoll. The gnoll hits you but does no damage.
The gnoll closely misses you. The gnoll hits you with a +0 spear.
The gnoll hits you from afar with a +0 spear.
* * * LOW HITPOINT WARNING * * *
You slash the gnoll!
The gnoll is heavily wounded.
The gnoll hits you from afar with a +0 spear.
* * * LOW HITPOINT WARNING * * *
The gnoll hits you but does no damage.
You feel very mighty all of a sudden. The gnoll closely misses you.
You block the gnoll's attack.
You hit the gnoll.
The gnoll is severely wounded.
The gnoll hits you but does no damage. x2
You slash the gnoll!
You kill the gnoll!
The gnoll hits you from afar with a +0 spear.
You die...

# # ####.# ##### ##
.....# .#....# #.# ######
.......## #.. ######.#
#.###.# ........
##@#.#####.# ######.#
##.#)g....... #### ###
#####.###.#####.#
##8###⌠###8#..## ##...#
.............#.###.##.#
................#.## #
.................g....g..
##8###8###8#.....#{.g.g.#
### ### ####.##.#g##.#.#


You could see a gnoll.

Vanquished Creatures
  3 gnolls (D:3)
  An ufetubus (D:2)
  A worm (D:2)
  3 endoplasms
  8 giant cockroaches
  4 goblins
  7 hobgoblins
  3 jackals (D:2)
  A kobold (D:1)
  2 quokkas (D:1)
  2 ball pythons (D:1)
  5 bats (D:1)
  2 frilled lizards
  2 rats (D:1)
44 creatures vanquished.

Notes
Turn   | Place    | Note
-------+----------+-------------------------------------------
     0 | D:1      | growler the Formicid Fighter began the quest for the Orb.
     0 | D:1      | Reached XP level 1. HP: 18/18 MP: 1/1
    34 | D:1      | You fall into a shaft and drop 1 floor!
    65 | D:2      | Found Feluc's Book Emporium.
   122 | D:1      | Reached XP level 2. HP: 24/24 MP: 2/2
   464 | D:1      | Reached XP level 3. HP: 14/30 MP: 3/3
   855 | D:1      | Found a faded altar of an unknown god.
  1275 | D:2      | Reached XP level 4. HP: 19/37 MP: 4/4
  1708 | D:2      | Found Herykoes's Antique Armour Emporium.
  2083 | D:3      | Slain by a gnoll

Illustrated notes

Levels and vault maps discovered:
D:1:      dpeg_arrival_tiny_h, layout_basic, nicolae_ecumenical_lake_church,
          hex_intersection
D:2:      layout_basic, serial_shops, nicolae_diamond_shop,
          nicolae_shop_temple_entry_statues_fountains
D:3:      layout_loops_ring, ashenzari_altar_1, corexii_hall_statues_i,
          kennysheep_generic_room_12

Skill      XL: |  1  2  3 |
---------------+----------+-----
Fighting       | 4 |  4.5
Long Blades    | 3 |  3.4
Armour         | |  3.2
Shields        | |  4.0

Action                   |  1- 3 |  4- 6 || total
-------------------------+-------+-------++-------
Melee: Long sword        |   127 |    49 ||   176
  Use: Potion            |       |     1 ||     1
Armor: Scale mail        |    82 |    19 ||   101
Dodge: Dodged            |    88 |    23 ||   111
Block: Buckler           |    37 |    12 ||    49
